 Seeded DCSS version 0.32-a0-7-ge934b4519a (webtiles) character file.

Game seed: 560841995258110699 (custom seed)

163 Esekla the Grave Robber (level 5, 0/37 HPs)
             Began as a Gnoll Necromancer on Jan 13, 2024.
             Incinerated by a bombardier beetle (4 damage)
             ... with a burning spray
             ... on level 4 of the Dungeon.
             The game lasted 00:17:28 (2276 turns).

Esekla the Grave Robber (Gnoll Necromancer)         Turns: 2276, Time: 00:17:29

Health: 0/37       AC:  3    Str:  6 (7)  XL:     5   Next: 44%
Magic:  12/12      EV: 12    Int: 17      God:
Gold:   89         SH:  0    Dex: 11 (12) Spells: 10/14 levels left

rFire   . . .        s - +0 dagger
rCold   . . .        (no shield)
rNeg    . . .        l - +0 leather armour
rPois   .            (no helmet)
rElec   .            (no cloak)
rCorr   .            (no gloves)
SInv    .            (no boots)
Will    .....        (no amulet)
Stlth   +            (no ring)
HPRegen 0.26/turn    (no ring)
MPRegen 0.13/turn

%: no passive effects
@: on fire, glowing
A: fangs 1, strong nose, distributed training
a: no special abilities


You were on level 4 of the Dungeon.
You visited 1 branch of the dungeon, and saw 5 of its levels.

You collected 89 gold pieces.

Inventory:

Hand Weapons
 c - a +0 long sword
 s - a +0 dagger (weapon)
Missiles
 f - 2 javelins (quivered)
Armour
 l - a +0 leather armour (worn)
Jewellery
 a - a ring of ice
Wands
 m - a wand of charming (14)
Scrolls
 i - a scroll of amnesia {unknown}
 j - 2 scrolls of teleportation
 k - a scroll of vulnerability {unknown}
Potions
 b - a potion of magic
 d - 2 potions of experience {unknown}
 e - a potion of degeneration
 g - a potion of might
 h - a potion of brilliance {unknown}


   Skills:
 + Level 1.5 Fighting
 + Level 1.5 Short Blades
 + Level 1.5 Long Blades
 + Level 1.5 Axes
 + Level 1.5 Maces & Flails
 + Level 1.5 Polearms
 + Level 1.5 Staves
 + Level 1.5 Ranged Weapons
 + Level 1.5 Throwing
 + Level 1.5 Armour
 + Level 4.8 Dodging
 + Level 4.4 Stealth
 + Level 1.5 Shields
 + Level 1.5 Unarmed Combat
 + Level 5.2 Spellcasting
 + Level 1.2 Conjurations
 + Level 1.2 Hexes
 + Level 1.2 Summonings
 + Level 7.2 Necromancy
 + Level 1.2 Translocations
 + Level 1.2 Fire Magic
 + Level 1.2 Ice Magic
 + Level 1.2 Air Magic
 + Level 1.2 Earth Magic
 + Level 1.2 Alchemy
 + Level 1.7 Invocations
 + Level 1.5 Evocations
 + Level 1.4 Shapeshifting


You had 10 spell levels left.
You knew the following spells:

 Your Spells              Type           Power      Damage    Failure   Level
a - Necrotise             Necr           100%       1d9       1%          1
d - Vampiric Draining     Necr           29%        2d8       3%          3

Your spell library contained the following spells:

 Spells                   Type           Power      Damage    Failure   Level
 Animate Dead             Necr           29%        N/A       11%         4
 Curse of Agony           Necr           29%        N/A       30%         5
 Manifold Assault         Tloc           8%         N/A       77%         4
 Dispersal                Tloc           4%         N/A       100%        6
 Disjunction              Tloc           4%         N/A       100%        8


Dungeon Overview and Level Annotations

Branches:
Dungeon (5/15)
 Temple: D:4-7

Altars:


Innate Abilities, Weirdness & Mutations

You have very sharp teeth.
Your uncanny sense of smell can sniff out nearby items.
Your experience applies equally to all skills.


Message History

Aim: an orc wizard, wielding a +0 dagger and wearing a +0 robe (40% to hit)
You throw a javelin.
The javelin pierces through the orc wizard but does no damage.
The orc wizard points at you and mumbles some strange words.
The magic dart hits you!
Throw: 5 javelins
Press: ? - help, Q - select action, (/) - cycle Shift-Dir - straight line, f/p - orc wizard
Aim: an orc wizard, wielding a +0 dagger and wearing a +0 robe (40% to hit)
You throw a javelin.
The javelin closely misses the orc wizard.
The bombardier beetle sprays incendiary fluid at you.
The burning spray hits you.
You are covered in liquid fire!
Throw: 4 javelins
Press: ? - help, Q - select action, (/) - cycle Shift-Dir - straight line, f/p - orc wizard
Aim: an orc wizard, wielding a +0 dagger and wearing a +0 robe (40% to hit)
You throw a javelin.
The javelin hits the orc wizard and shatters for extra damage.
The orc wizard is moderately wounded.
The liquid fire burns you!
You hear a shout! x2
Throw: 3 javelins
Press: ? - help, Q - select action, (/) - cycle Shift-Dir - straight line, f - orc wizard, p - orc wizard
Aim: an orc wizard, wielding a +0 dagger and wearing a +0 robe (40% to hit)
You throw a javelin.
The javelin pierces through the bombardier beetle but does no damage.
The javelin pierces through the orc wizard but does no damage.
The liquid fire burns you!
The orc wizard casts a spell.
The orc wizard flickers and vanishes!
Deactivating autopickup; reactivate with Ctrl-A.
The orc wizard gestures at you while chanting.
The puff of flame hits you!
* * * LOW HITPOINT WARNING * * *
The liquid fire burns you!
* * * LOW HITPOINT WARNING * * *
You shake off some of the fire as you move.
You climb upwards.
Reactivating autopickup.
The liquid fire burns you!
You die...

#. ... .
.#####.##.##
......<..#...#
#...####.###.## #
#.......#####.##.#
#..#.............#
#.#........##
#.#........##### .
#....<@....... .#
#........##### #.
##.......# #
#.......#
#.#####.# #. .# #.
.# .#


There were no monsters in sight!

Vanquished Creatures
  A phantom (D:5)
  An iguana (D:5)
  3 adders (D:2)
  3 dart slugs
  An orc (D:5)
  An endoplasm (D:1)
  A giant cockroach (D:1)
  3 goblins
  2 hobgoblins
  2 quokkas (D:1)
  4 ball pythons
  7 bats
  4 frilled lizards
  2 kobolds
  4 rats
39 creatures vanquished.

Notes
Turn   | Place    | Note
-------+----------+-------------------------------------------
     0 | D:1      | Esekla the Gnoll Necromancer began the quest for the Orb.
     0 | D:1      | Reached XP level 1. HP: 13/13 MP: 6/6
   605 | D:1      | Reached XP level 2. HP: 19/19 MP: 7/7
  1380 | D:2      | Reached skill level 5 in Spellcasting
  1380 | D:2      | Reached XP level 3. HP: 16/25 MP: 7/9
  1384 | D:2      | Learned a level 3 spell: Vampiric Draining
  1457 | D:2      | Reached skill level 1 in Invocations
  1720 | D:2      | Reached skill level 1 in Fighting
  1720 | D:2      | Reached skill level 1 in Short Blades
  1720 | D:2      | Reached skill level 1 in Long Blades
  1720 | D:2      | Reached skill level 1 in Axes
  1720 | D:2      | Reached skill level 1 in Maces & Flails
  1720 | D:2      | Reached skill level 1 in Polearms
  1720 | D:2      | Reached skill level 1 in Staves
  1720 | D:2      | Reached skill level 1 in Ranged Weapons
  1720 | D:2      | Reached skill level 1 in Throwing
  1720 | D:2      | Reached skill level 1 in Armour
  1720 | D:2      | Reached skill level 1 in Shields
  1720 | D:2      | Reached skill level 1 in Unarmed Combat
  1720 | D:2      | Reached skill level 1 in Evocations
  1777 | D:2      | Found a faded altar of an unknown god.
  1805 | D:2      | Reached skill level 1 in Shapeshifting
  1805 | D:2      | Reached XP level 4. HP: 26/32 MP: 11/11
  2010 | D:5      | Entered Level 5 of the Dungeon
  2097 | D:4      | Noticed a black bear
  2101 | D:5      | Noticed a phantom
  2133 | D:5      | Reached skill level 1 in Conjurations
  2133 | D:5      | Reached skill level 1 in Hexes
  2133 | D:5      | Reached skill level 1 in Summonings
  2133 | D:5      | Reached skill level 1 in Translocations
  2133 | D:5      | Reached skill level 1 in Fire Magic
  2133 | D:5      | Reached skill level 1 in Ice Magic
  2133 | D:5      | Reached skill level 1 in Air Magic
  2133 | D:5      | Reached skill level 1 in Earth Magic
  2133 | D:5      | Reached skill level 1 in Alchemy
  2137 | D:5      | Killed a phantom
  2138 | D:5      | Reached XP level 5. HP: 16/37 MP: 3/12
  2276 | D:4      | Incinerated by a bombardier beetle

Illustrated notes

Levels and vault maps discovered:
D:1:      ncdulo_smallfort, layout_loops_cross
D:2:      layout_loops_cross, ebering_ecumenical_altar_sacrificial
D:3:      minmay_skewed_foursquare, layout_basic, serial_bayou_pond_a
D:4:      layout_loops_ring
D:5:      layout_cave_pools, nicolae_overflow_hallway_of_the_gods,
          mainiacjoe_sewer_entry_somewhere_in_here_2

Skill      XL: |  1  2  3  4 |
---------------+-------------+-----
Spellcasting   | 5 |  5.2
Invocations    | 1 |  1.7
Fighting       | 1 |  1.5
Short Blades   | 1 |  1.5
Long Blades    | 1 |  1.5
Axes           | 1 |  1.5
Maces & Flails | 1 |  1.5
Polearms       | 1 |  1.5
Staves         | 1 |  1.5
Ranged Weapons | 1 |  1.5
Throwing       | 1 |  1.5
Armour         | 1 |  1.5
Shields        | 1 |  1.5
Unarmed Combat | 1 |  1.5
Evocations     | 1 |  1.5
Shapeshifting  | 1 |  1.4
Conjurations   | 1 |  1.2
Hexes          | 1 |  1.2
Summonings     | 1 |  1.2
Translocations | 1 |  1.2
Fire Magic     | 1 |  1.2
Ice Magic      | 1 |  1.2
Air Magic      | 1 |  1.2
Earth Magic    | 1 |  1.2
Alchemy        | 1 |  1.2
Dodging        | |  4.8
Stealth        | |  4.4
Necromancy     | |  7.2

Action                     |  1- 3 |  4- 6 || total
---------------------------+-------+-------++-------
  Melee: Unarmed           |    32 |       ||    32
         Whip              |    46 |       ||    46
         Bite              |    17 |     7 ||    24
         Punch             |     2 |       ||     2
         Dagger            |    88 |    46 ||   134
  Throw: Javelin           |     7 |     4 ||    11
         Stone             |     1 |       ||     1
   Cast: Vampiric Draining |     1 |     4 ||     5
    Use: Potion            |       |     3 ||     3
         Scroll            |       |     2 ||     2
   Stab: Sleeping          |     7 |     2 ||     9
 Armour: Robe              |    75 |    11 ||    86
         Skin              |       |    15 ||    15
         Leather armour    |       |    14 ||    14
  Dodge: Dodged            |   119 |    14 ||   133

Table legend: (Time is in decaauts)
 A = Elapsed time spent in this place.
 B = Non-inter-level travel time spent in this place.
 C = Inter-level travel time spent in this place.
 D = Time resting spent in this place.
 E = Time spent auto-exploring this place.
 F = Levels seen in this place.
 G = Mean time per level.
                   A        B        C        D        E       F      G
               +--------+--------+--------+--------+--------+-----+--------+
         Total |   2278 |   2278 |      0 |    455 |    180 |   5 |  455.6 |
       Dungeon |   2278 |   2278 |      0 |    455 |    180 |   5 |  455.6 |
               +--------+--------+--------+--------+--------+-----+--------+

Top non-repeatable levels by time:
     D:1: 1129 daAuts
     D:2: 774 daAuts
     D:4: 144 daAuts
     D:3: 136 daAuts
     D:5: 93 daAuts
